 Dungeon Crawl Stone Soup version 0.26-a0-664-gc8b27b8fc1 (webtiles) character file.

Game seed: 4240156369759288225

24 Elric the Poker (level 3, -1/28 HPs)
             Began as a Merfolk Gladiator on Oct 13, 2020.
             Slain by a hobgoblin
             ... wielding a +0 club
              (2 damage)
             ... on level 1 of the Dungeon.
             The game lasted 00:01:44 (515 turns).

Elric the Poker (Merfolk Gladiator)                  Turns: 515, Time: 00:01:45

Health: -1/28      AC:  6    Str: 14    XL:     3   Next: 2%
Magic:  3/3        EV: 13    Int:  7    God:
Gold:   24         SH:  0    Dex: 16    Spells: 2/2 levels left

rFire    . . .     SeeInvis .   a - +0 trident
rCold    . . .     Faith    .   (no shield)
rNeg     . . .     Spirit   .   f - +0 ring mail
rPois    .         Reflect  .   c - +0 helmet
rElec    .         Harm     .   (no cloak)
rCorr    .         Rampage  .   (no gloves)
MR       .....                  (no boots)
Stlth    +.........             (no amulet)
HPRegen  0.09/turn              (no ring)
MPRegen  0.08/turn              (no ring)

@: no status effects
A: change form in water, swift swim, stealthy swim
a: no special abilities


You were on level 1 of the Dungeon.
You visited 1 branch of the dungeon, and saw 1 of its levels.

You collected 24 gold pieces.

Inventory:

Hand Weapons
 a - a +0 trident (weapon)
Missiles
 d - 3 throwing nets (quivered)
Armour
 b - a +0 leather armour
 c - a +0 helmet (worn)
 f - a +0 ring mail (worn)
Jewellery
 h - a cursed ring of magical power {unknown}
Scrolls
 e - a scroll of remove curse {unknown}
 i - a scroll of enchant armour {unknown}
Potions
 g - a potion of curing {unknown}


   Skills:
 + Level 2.3 Fighting
 + Level 5.2 Polearms
 + Level 2.2 Throwing
 + Level 0.1 Armour
 + Level 4.3 Dodging


You had 2 spell levels left.
You didn't know any spells.
Your spell library was empty.

Dungeon Overview and Level Annotations

Branches:
Dungeon (1/15)

Altars:


Message History

The hobgoblin barely misses you.
The hobgoblin hits you but does no damage.
The hobgoblin barely misses you. The hobgoblin barely misses you.
The hobgoblin barely misses you. The hobgoblin barely misses you.
The hobgoblin completely misses you.
The hobgoblin hits you but does no damage.
The hobgoblin closely misses you.
The hobgoblin hits you but does no damage.
The hobgoblin hits you but does no damage.
The hobgoblin hits you but does no damage.
The hobgoblin barely misses you. The hobgoblin closely misses you.
The hobgoblin misses you.
The hobgoblin hits you but does no damage.
The hobgoblin hits you with a +0 club.
* * * LOW HITPOINT WARNING * * *
The hobgoblin hits you with a +0 club.
You die...

### #.# ... #.# #g#
####@# #....#
#########.####
#.............#
#..###.#####..######
#..# #.## #.......#
#..# #..####..####.#
#..# #.............#
#..# #....####.....#


You could see a hobgoblin.

Vanquished Creatures
  2 dart slugs (D:1)
  A leopard gecko (D:1)
  3 goblins (D:1)
  4 hobgoblins (D:1)
  2 bats (D:1)
  A frilled lizard (D:1)
  3 kobolds (D:1)
  2 rats (D:1)
18 creatures vanquished.

Notes
Turn   | Place    | Note
-------+----------+-------------------------------------------
     0 | D:1      | Elric the Merfolk Gladiator began the quest for the Orb.
     0 | D:1      | Reached XP level 1. HP: 16/16 MP: 1/1
    83 | D:1      | Reached XP level 2. HP: 22/22 MP: 2/2
   132 | D:1      | Reached skill level 5 in Polearms
   368 | D:1      | Reached XP level 3. HP: 28/28 MP: 3/3
   484 | D:1      | HP: 1/28 [hobgoblin/+0 club (3)]
   514 | D:1      | HP: 1/28 [hobgoblin/+0 club (3)]
   515 | D:1      | Slain by a hobgoblin

Illustrated notes

Levels and vault maps discovered:
D:1:      dpeg_arrival_renting, layout_loops_ring, minivault_24

Skill      XL: |  1  2 |
---------------+-------+-----
Polearms       | 5 |  5.2
Fighting       | |  2.3
Throwing       | |  2.2
Armour         | |  0.1
Dodging        | |  4.3

Action                   || total
-------------------------++-------
Melee: Trident           ||    55
Armor: Ring mail         ||    46
       Leather armour    ||     1
Dodge: Dodged            ||   109

Table legend: (Time is in decaauts)
 A = Elapsed time spent in this place.
 B = Non-inter-level travel time spent in this place.
 C = Inter-level travel time spent in this place.
 D = Time resting spent in this place.
 E = Time spent auto-exploring this place.
 F = Levels seen in this place.
 G = Mean time per level.
                   A        B        C        D        E       F      G
               +--------+--------+--------+--------+--------+-----+--------+
         Total |    518 |    518 |      0 |      0 |    226 |   1 |  518.0 |
       Dungeon |    518 |    518 |      0 |      0 |    226 |   1 |  518.0 |
               +--------+--------+--------+--------+--------+-----+--------+

Top non-repeatable levels by time:
     D:1: 518 daAuts
